 Dungeon Crawl Stone Soup version 0.19.1 (webtiles) character file.

89 omegacute the Cudgeler (level 4, 0/48 HPs)
             Began as an Ogre Berserker on Dec 1, 2016.
             Was a Believer of Trog.
             Slain by a quokka (5 damage)
             ... on level 3 of the Dungeon.
             The game lasted 00:04:40 (2053 turns).

omegacute the Cudgeler (Ogre Berserker)             Turns: 2053, Time: 00:04:40

Health: 0/48       AC:  3    Str: 23    XL:     4   Next: 55%
Magic:  4/4        EV: 10    Int:  6    God:    Trog [**....]
Gold:   182        SH:  0    Dex:  9    Spells: 0 memorised, 3 levels left

rFire  . . .     SeeInvis .     a - +0 mace
rCold  . . .     Gourm    .     b - +0 animal skin
rNeg   . . .     Faith    .     (no shield)
rPois  .         Spirit   .     (helmet restricted)
rElec  .         Reflect  .     (no cloak)
rCorr  .         Harm     .     (gloves unavailable)
MR     .....                    (boots unavailable)
Stlth  +.........               (no amulet)
                                (no ring)
                                (no ring)

@: exhausted
A: unfitting armour, tough skin 1
a: Berserk, Trog's Hand, Burn Spellbooks, Renounce Religion


You were on level 3 of the Dungeon.
You worshipped Trog.
Trog was pleased with you.
You were very hungry.

You visited 1 branch of the dungeon, and saw 3 of its levels.

You collected 182 gold pieces.

Inventory:

Hand Weapons
 a - a +0 mace (weapon)
Armour
 b - a +0 animal skin (worn)
Jewellery
 o - an uncursed ring of poison resistance {unknown}
Scrolls
 f - a scroll of magic mapping {unknown}
 g - 3 scrolls of recharging {unknown}
 h - 2 scrolls of fear {unknown}
 i - a scroll of teleportation {unknown}
 l - a scroll of enchant armour {unknown}
Potions
 d - 3 potions of brilliance {unknown}
 e - a potion of degeneration {unknown}
 m - a potion of haste {unknown}
Comestibles
 c - 3 bread rations
 j - a meat ration
 k - a chunk of flesh
 n - a beef jerky
 p - a royal jelly


   Skills:
 - Level 4.0 Fighting
 + Level 6.8 Maces & Flails
 - Level 2.6 Dodging


You had 3 spell levels left.
You didn't know any spells.

Dungeon Overview and Level Annotations

Branches:
Dungeon (3/15)

Altars:


Innate Abilities, Weirdness & Mutations

You are too large for most types of armour.
You have tough skin. (AC +1)


Message History

The quokka bites you.
* * * LOW HITPOINT WARNING * * *
You take 1 damage, and have 12/48 hp.
The quokka bites you but does no damage.
The quokka bites you.
* * * LOW HITPOINT WARNING * * *
The quokka bites you.
* * * LOW HITPOINT WARNING * * *
You take 4 damage, and have 8/48 hp.
You feel yourself speed up. The quokka bites you.
* * * LOW HITPOINT WARNING * * *
The quokka barely misses you.
You take 2 damage, and have 6/48 hp.
The quokka twitches its whiskers.
The quokka bites you.
* * * LOW HITPOINT WARNING * * *
You take 1 damage, and have 5/48 hp.
The quokka bites you.
You die...

###### #(...# #....#
#....# #....#####
#....@...#
#...r###.#### #....#
#....# .( #....#
###..###### #..
#(...####......... #.>.
##w####....#....##
#...###.####.####....#
#.....................#
#.....#.####)####.##..#


You could see a worm and a quokka.

Vanquished Creatures
  Robin (D:3)
  An adder (D:2)
  4 dart slugs (D:1)
  2 leopard geckos
  A giant cockroach (D:2)
  18 goblins
  9 hobgoblins
  4 jackals
  2 kobolds (D:1)
  A quokka (D:3)
  2 bats
  3 frilled lizards
  5 rats
53 creatures vanquished.

Notes
Turn   | Place    | Note
-------+----------+-------------------------------------------
     0 | D:1      | omegacute the Ogre Berserker began the quest for the Orb.
     0 | D:1      | Reached XP level 1. HP: 24/24 MP: 1/1
   211 | D:1      | Reached XP level 2. HP: 26/32 MP: 2/2
   323 | D:1      | Reached skill level 5 in Maces & Flails
   656 | D:1      | Reached XP level 3. HP: 27/39 MP: 3/3
  1264 | D:2      | Reached ** piety under Trog
  1400 | D:2      | Reached skill level 6 in Maces & Flails
  1691 | D:2      | Reached XP level 4. HP: 42/48 MP: 4/4
  1960 | D:3      | Noticed Robin
  2014 | D:3      | Killed Robin
  2053 | D:3      | Slain by a quokka

Skill      XL: |  1  2  3 |
---------------+----------+-----
Maces & Flails | 5 6 |  6.8
Fighting       | |  4.0
Dodging        | |  2.6

Action                   |  1- 3 |  4- 6 || total
-------------------------+-------+-------++-------
Melee: Mace              |   108 |    53 ||   161
Invok: Berserk           |       |     1 ||     1
 Stab: Sleeping          |     1 |       ||     1
  Eat: Chunk             |     3 |       ||     3
Armor: Animal skin       |    32 |    16 ||    48
Dodge: Dodged            |    56 |    20 ||    76
